 Dungeon Crawl Stone Soup version 0.29.0-4-gdea44cf6ec (webtiles) character file.

Game seed: 4066812297230463056

16 qw the Sneak (level 2, -3/19 HPs)
             Began as a Gargoyle Delver on Sept 10, 2022.
             Slain by an orc
             ... wielding a +0 hand axe
              (4 damage)
             ... on level 4 of the Dungeon.
             The game lasted 00:00:06 (156 turns).

qw the Sneak (Gargoyle Delver)                       Turns: 156, Time: 00:00:06

Health: -3/19      AC:  5    Str: 15    XL:     2   Next: 54%
Magic:  2/2        EV: 11    Int: 10    God:
Gold:   32         SH:  0    Dex: 11    Spells: 1/1 levels left

rFire   . . .      SeeInvis .   a - +0 hand axe
rCold   . . .      Faith    .   (no shield)
rNeg    + . .      Spirit   .   b - +0 leather armour
rPois   inf        Reflect  .   (no helmet)
rElec   +          Harm     .   (no cloak)
rCorr   .          Rampage  .   (no gloves)
Will    .....                   (no boots)
Stlth   +.........              (no amulet)
HPRegen 0.06/turn               (no ring)
MPRegen 0.08/turn               (no ring)

@: confused
A: sickness immunity, AC +2, negative energy resistance 1, electricity
resistance, torment resistance 1, petrification resistance
a: no special abilities


You were on level 4 of the Dungeon.
You visited 1 branch of the dungeon, and saw 2 of its levels.

You collected 32 gold pieces.


Innate Abilities, Weirdness & Mutations

You are immune to sickness and miasma.
Your stone body is resilient. (AC +2)
You are immune to poison.
You resist negative energy. (rN+)
You are resistant to electric shocks. (rElec)
You are resistant to unholy torment.
You are immune to petrification.


   Skills:
 - Level 3.2 Fighting
 + Level 2.8 Axes
 - Level 1.5 Dodging
 - Level 5.4 Stealth


You had one spell level left.
You didn't know any spells.
Your spell library was empty.

Inventory:

Hand Weapons
 a - a +0 hand axe (weapon)
Armour
 b - a +0 leather armour (worn)
Wands
 g - a wand of digging (3)
Scrolls
 e - a scroll of fear
Potions
 f - a potion of haste

Dungeon Overview and Level Annotations

Branches:
Dungeon (5/15)
 Temple: D:4-7

Altars:


Message History

A hound comes into view.
144 ||| FLEEEEING.
There is a stone staircase leading up here.
146 ||| STAIRDANCE You climb upwards.
The orc shouts!
Found a scroll labelled CISCHE GIUNE.
There is a stone staircase leading down here.
Existing waypoints: (2) D:5 Assign waypoint to what number? (0-9, D - delete waypoint) Waypoint 1 assigned to D:4.
An orc comes into view. It is wielding a +0 hand axe.
Found a stone staircase leading up.
You see here a scroll labelled CISCHE GIUNE.
An orc comes into view. It is wielding a +0 falchion.
The orc shouts!
The orc wizard shouts!
The orc shouts!
You slash the orc!
You kill the orc!
The orc wizard points at you and mumbles some strange words.
You are confused.
The orc hits you with a +0 hand axe.
Things that are here:
a +0 short sword; an orc corpse You completely miss the orc wizard.
You miss the orc. You barely miss the orc.
The orc wizard hits you but does no damage.
The orc barely misses you. x2
You miss the orc wizard. You barely miss the orc. You miss the orc.
The orc wizard casts a spell at you. The puff of flame hits you.
The orc hits you with a +0 falchion! The orc closely misses you.
You bump into the rock wall.
The orc wizard hits you with a +0 dagger.
The orc hits you but does no damage. The orc closely misses you.
A worm comes into view.
You miss the orc wizard. You closely miss the orc.
You hit the orc but do no damage.
The orc wizard hits you but does no damage.
The orc hits you with a +0 falchion. The orc hits you with a +0 hand axe.
You die...

#############
#>?..........
###...o....##
##.@o......
##.o..##.w
#....<#
#.....#
#.##### #.#
..# ###


You could see a worm, an orc wizard and 2 orcs.

Vanquished Creatures
  An adder (D:5)
  3 orcs
4 creatures vanquished.

Notes
Turn   | Place    | Note
-------+----------+-------------------------------------------
     0 | D:5      | qw the Gargoyle Delver began the quest for the Orb.
     0 | D:5      | Reached XP level 1. HP: 14/14 MP: 1/1
     0 | D:5      | 0 ||| qw: Version: 0.1-a-116-g5d60599
     0 | D:5      | 0 ||| qw: Game counter: 7700
     0 | D:5      | 0 ||| qw: Always use a shield: true
     0 | D:5      | 0 ||| qw: God list: Okawaru
     0 | D:5      | 0 ||| qw: Allow faded altars: false
     0 | D:5      | 0 ||| qw: Do Orc after D:15 true
     0 | D:5      | 0 ||| qw: Do second Lair branch before Depths: true
     0 | D:5      | 0 ||| qw: Lair rune preference: random
     0 | D:5      | 0 ||| qw: Plans: Normal
     0 | D:5      | 0 ||| PLANNING D:1-11
    29 | D:5      | Reached XP level 2. HP: 15/19 MP: 2/2
   114 | D:5      | 114 ||| Stepping ~*~*~tactically~*~*~ (stealth).
   116 | D:5      | 116 ||| Stepping ~*~*~tactically~*~*~ (stealth).
   117 | D:5      | 117 ||| DROPPING scroll of fog.
   118 | D:5      | 118 ||| DROPPING scroll of magic mapping.
   139 | D:5      | 139 ||| FLEEEEING.
   140 | D:5      | 140 ||| FLEEEEING.
   141 | D:5      | 141 ||| FLEEEEING.
   144 | D:5      | 144 ||| FLEEEEING.
   146 | D:5      | 146 ||| STAIRDANCE
   154 | D:4      | HP: 2/19 [orc/+0 falchion (7)]
   156 | D:4      | Slain by an orc

Levels and vault maps discovered:
D:4:      layout_basic, temple_statues, uniq_robin
D:5:      layout_basic, nicolae_overflow_hidden_temple,
          mainiacjoe_overflow_surrounded_room, uniq_ijyb

Skill      XL: |  1 |
---------------+----+-----
Axes           | 2 |  2.8
Fighting       | |  3.2
Dodging        | |  1.5
Stealth        | |  5.4

Action                   || total
-------------------------++-------
Melee: Hand axe          ||    23
       Punch             ||     1
Armor: Leather armour    ||    11
Dodge: Dodged            ||    13

Table legend:
 A = Non-vault XP
 B = Vault XP
 C = Vault XP percentage of total XP
 D = Non-vault monster count
 E = Vault monster count
 F = Vault count percentage of total count
                 A         B        C        D         E       F
            +---------+---------+-------+---------+---------+-------
      Total |      23 |       0 |   0.0 |       4 |       0 |   0.0
            +---------+---------+-------+---------+---------+-------
        D:4 |       3 |       0 |   0.0 |       1 |       0 |   0.0
        D:5 |      20 |       0 |   0.0 |       3 |       0 |   0.0
            +---------+---------+-------+---------+---------+-------
